Map: Central Protocol

Players

Miszu - Winner!

  • Race: Terran Terran
  • League: Master

Zeratul

  • Race: Terran Terran
  • League: Master

VOD

Have the link to the VOD?

Description

Time

  • Played on: March 8, 2016, 1:54 p.m.
  • Length: 4:43
Show
View Real Time Build Order
Export as new Build Order

Miszu Terran - Winner!

Build Orders:  

Get SALT Encoding   

  12  0:01  SCV  
  13  0:13  SCV  
  14  0:17  Supply Depot  
  14  0:25  SCV  
  15  0:31  Refinery  
  15  0:41  Barracks  
  15  0:45  SCV  
  16  0:57  SCV  
  16  1:02  Barracks  
  17  1:09  SCV  
  18  1:20  Barracks  
  18  1:25  SCV  
  19  1:31  Reaper  
  20  1:43  Refinery  
  20  1:49  Reaper  
  20  1:52  Orbital Command  
  21  2:00  Supply Depot  
  21  2:05  Reaper  
  22  2:08  Reaper  
  23  2:22  Reaper  
  24  2:27  SCV  
  24  2:31  Supply Depot  
  24  2:37  Reaper  
  24  2:40  Reaper  
  26  2:44  SCV  
  27  2:54  Supply Depot, Reaper  
  27  2:57  Barracks  
  28  3:09  Reaper  
  29  3:12  Reaper  
  30  3:26  Reaper, Barracks  
  27  3:41  Reaper  
  26  3:54  Reaper x2  
  26  3:55  SCV  
  29  4:02  Supply Depot  
  28  4:20  SCV  
Show
View Real Time Build Order
Export as new Build Order

Zeratul Terran 

Build Orders:  

Get SALT Encoding   

  12  0:00  SCV  
  13  0:12  SCV  
  14  0:17  Supply Depot  
  14  0:24  SCV  
  15  0:38  SCV  
  15  0:39  Barracks  
  16  0:46  Refinery  
  16  0:50  SCV  
  17  1:00  Barracks  
  17  1:03  SCV  
  18  1:15  SCV  
  19  1:22  Barracks  
  19  1:28  Refinery  
  19  1:31  Reaper  
  20  1:40  Supply Depot  
  20  1:47  Reaper  
  21  1:55  SCV  
  22  2:05  Reaper  
  23  2:08  Orbital Command  
  23  2:25  Reaper x2  
  23  2:28  Supply Depot  
  25  2:34  SCV  
  26  2:40  Reaper  
  27  2:45  Supply Depot  
  27  2:57  Reaper x2  
  29  3:06  SCV  
  29  3:12  Reaper  
  31  3:18  SCV  
  32  3:29  Reaper x2  
  18  3:55  Reaper  
  19  3:56  SCV  
  20  4:08  SCV  
Tags
 
Add a new tag
Caveats
  • Supply blocks, unpowered buildings, or Contaminate may cause inaccurate times.
  • Supply counts are checked every 10 seconds.